 Dungeon Crawl Stone Soup version 0.31-a0-182-gc5ef74bbde (webtiles) character file.

Game seed: 8748771268414497406

132 runemasterragnar the Trooper (level 5, 0/36 HPs)
             Began as an Octopode Fighter on June 22, 2023.
             Fell down a flight of stairs (1 damage)
             ... on level 4 of the Dungeon.
             The game lasted 00:02:11 (1983 turns).

runemasterragnar the Trooper (Octopode Fighter)     Turns: 1983, Time: 00:02:12

Health: 0/36       AC:  1    Str: 15    XL:     5   Next: 15%
Magic:  5/5        EV: 13    Int: 13    God:
Gold:   120        SH:  0    Dex: 11    Spells: 4/4 levels left

rFire   . . .        a - +0 long sword
rCold   . . .        b - +0 buckler
rNeg    . . .        (helmet restricted)
rPois   .            (no amulet)
rElec   .            (no ring)
rCorr   .            (no ring)
SInv    .            (no ring)
Will    .....        (no ring)
Stlth   ++           (no ring)
HPRegen 0.26/turn    (no ring)
MPRegen 0.09/turn    (no ring)
                     (no ring)

%: no passive effects
@: confused
A: almost no armour, amphibious, 8 rings, camouflage 1, gelatinous body 1,
(nimble swimmer 1), tentacles
a: no special abilities


You were on level 4 of the Dungeon.
You visited 1 branch of the dungeon, and saw 4 of its levels.

You collected 120 gold pieces.

Inventory:

Hand Weapons
 a - a +0 long sword (weapon)
Missiles
 e - 5 poisoned darts
Armour
 b - a +0 buckler (worn)
Wands
 i - a wand of roots (11)
Scrolls
 g - a scroll of teleportation
 h - a scroll of poison {unknown}
Potions
 c - a potion of might
 f - a potion of attraction


   Skills:
 + Level 3.5 Fighting
 * Level 3.1 Long Blades
 + Level 3.4 Dodging
 + Level 2.0 Stealth
 + Level 3.5 Shields
 + Level 1.4 Unarmed Combat
 + Level 0.2 Evocations


You had 4 spell levels left.
You didn't know any spells.
Your spell library was empty.

Dungeon Overview and Level Annotations

Branches:
Dungeon (4/15)
 Temple: D:4-7

Altars:

Shops:
D:2 [

Annotations:
D:3 2 runed translucent doors, Leavold's ghost, weakling DESu
D:4 Dowan; Duvessa


Innate Abilities, Weirdness & Mutations

You cannot wear most types of armour.
You are amphibious.
You can wear up to eight rings at the same time.
Your skin changes colour to match your surroundings (Stealth+).
Your rubbery body absorbs attacks. (AC +1, EV +1)
((You are camouflaged when in or above water. (Stealth+)))
You have tentacles for arms and can constrict up to eight enemies at once.


Message History

Level annotation: 2 runed translucent doors, Leavold's ghost, weakling DESu
There is a stone staircase leading down here.
You climb downwards.
Level annotation: Dowan; Duvessa The orc wizard points at you and mumbles some strange words.
You are confused.
Dowan hits you with a +0 dagger.
Duvessa says, "My weaknesses are his strengths!"
The orc priest hits you with a +0 dagger.
Dowan hits you with a +0 dagger.
There is a stone staircase leading up, spattered with blood here.
Unknown command.
The adder barely misses you. Dowan hits you with a +0 dagger.
In your confused state, you trip and fall back down the stairs.
The adder barely misses you.
The orc wizard gestures wildly while chanting.
The orc wizard flickers and vanishes!
Deactivating autopickup; reactivate with Ctrl-A.
Dowan barely misses you.
The iguana hisses angrily.
Unknown command.
The adder misses you. The adder bites you. Dowan hits you with a +0 dagger.
The orc wizard closely misses you.
In your confused state, you trip and fall back down the stairs.
The adder closely misses you. The orc wizard misses you.
You hear some strange, mumbled words.
You are more confused.
Dowan hits you with a +0 dagger.
* * * LOW HITPOINT WARNING * * *
Unknown command.
Unknown command.
The adder closely misses you. Something hits you.
* * * LOW HITPOINT WARNING * * *
Dowan says, "My weaknesses are her strengths!"
Dowan hits you with a +0 dagger.
* * * LOW HITPOINT WARNING * * *
The orc wizard hits you with a +0 dagger.
* * * LOW HITPOINT WARNING * * *
In your confused state, you trip and fall back down the stairs.
You die...

###.# ♣P♣
.##...#### P.♣
.#....... P..
#.......# #.#
#.l...S.# #. #.#
♣.......###(.###.#
♣.......#.......e#
♣....<......l.eS@#
♣.......#.....oo.#
........####...#..
##......# #..?..##
#......# ##. .##
######## #... . #.
.. #.


You could see Duvessa, Dowan, an iguana, an orc priest, an orc wizard and an
adder.

Vanquished Creatures
  An orc priest (D:3)
  A gnoll (D:1)
  3 adders
  A dart slug (D:1)
  7 orcs (D:3)
  4 bats
  5 endoplasms
  2 giant cockroaches (D:1)
  2 goblins
  3 hobgoblins
  2 jackals (D:1)
  6 kobolds
  4 quokkas
  8 ball pythons
  2 frilled lizards
  4 rats
55 creatures vanquished.

Notes
Turn   | Place    | Note
-------+----------+-------------------------------------------
     0 | D:1      | runemasterragnar the Octopode Fighter began the quest for
                  | the Orb.
     0 | D:1      | Reached XP level 1. HP: 16/16 MP: 1/1
    42 | D:1      | Reached XP level 2. HP: 5/21 MP: 2/2
   241 | D:1      | Reached skill level 1 in Stealth
   276 | D:1      | Reached XP level 3. HP: 26/26 MP: 3/3
   903 | D:2      | Found Miacon's General Store.
   920 | D:2      | Reached skill level 1 in Unarmed Combat
   972 | D:2      | Found Sajir's Armour Shop.
   983 | D:2      | Reached XP level 4. HP: 21/31 MP: 4/4
  1063 | D:2      | You fall into a shaft and drop 1 floor!
  1339 | D:3      | Found a large runed translucent door.
  1339 | D:3      | Found a large runed translucent door.
  1340 | D:3      | Noticed Leavold's ghost (weakling DESu)
  1591 | D:3      | Reached XP level 5. HP: 36/36 MP: 5/5
  1910 | D:4      | Noticed Duvessa
  1971 | D:4      | Noticed Dowan
  1982 | D:4      | HP: 1/36 [orc wizard/+0 dagger (2)]
  1983 | D:4      | Fell down a flight of stairs

Illustrated notes

Levels and vault maps discovered:
D:1:      wheals_arrival_shading, layout_basic, minmay_close_crescents
D:2:      layout_basic, ebering_ecumenical_altar_sacrificial, serial_shops,
          nicolae_shop_trees, shop, nicolae_shop_behind_doors, shop, shop
D:3:      layout_basic, ebering_ghost_disaster_area, minmay_misc_feat_pillars,
          nicolae_eternal_life, kennysheep_generic_room_10
D:4:      layout_rooms, grunt_temple_overflow_lords_of_destruction,
          mainiacjoe_overflow_concentric_impassable, evilmike_ruin_ashenzari,
          serial_forest, infiniplex_forest_clump_long,
          infiniplex_forest_straight_5, infiniplex_forest_end_1,
          infiniplex_forest_lined_room_, infiniplex_forest_join,
          infiniplex_forest_diagonal, infiniplex_forest_end_2,
          infiniplex_forest_fountain, uniq_duvessa

Skill      XL: |  1  2  3  4 |
---------------+-------------+-----
Stealth        | 1 2 |  2.0
Unarmed Combat | 1 |  1.4
Long Blades    | 3 |  3.1
Fighting       | |  3.5
Dodging        | |  3.4
Shields        | |  3.5
Evocations     | |  0.2

Action                     |  1- 3 |  4- 6 || total
---------------------------+-------+-------++-------
  Melee: Long sword        |    58 |    35 ||    93
         Constrict         |    19 |    12 ||    31
         Tentacles         |     9 |     7 ||    16
         Punch             |     1 |       ||     1
    Use: Scroll            |       |     2 ||     2
   Stab: Sleeping          |    10 |     1 ||    11
         Distracted        |       |     1 ||     1
 Armour: Skin              |     5 |     2 ||     7
  Dodge: Dodged            |    36 |    25 ||    61
  Block: Buckler           |    15 |     3 ||    18

Table legend: (Time is in decaauts)
 A = Elapsed time spent in this place.
 B = Non-inter-level travel time spent in this place.
 C = Inter-level travel time spent in this place.
 D = Time resting spent in this place.
 E = Time spent auto-exploring this place.
 F = Levels seen in this place.
 G = Mean time per level.
                   A        B        C        D        E       F      G
               +--------+--------+--------+--------+--------+-----+--------+
         Total |   2011 |   1904 |    107 |     66 |   1432 |   4 |  502.8 |
       Dungeon |   2011 |   1904 |    107 |     66 |   1432 |   4 |  502.8 |
               +--------+--------+--------+--------+--------+-----+--------+

Top non-repeatable levels by time:
     D:3: 917 daAuts
     D:1: 902 daAuts
     D:2: 178 daAuts
     D:4: 12 daAuts
